 Dungeon Crawl Stone Soup version 0.25-a0-474-ga8a2ee3166 (webtiles) character file.

Game seed: 5150683001142961115, levelgen mode: deterministic

760 Ijustatesigmund the Slasher (level 8, 0/55 HPs)
             Began as a Human Gladiator on Feb 7, 2020.
             Slain by Pikel
             ... wielding a +2 whip of flaming
              (8 damage)
             ... on level 5 of the Dungeon.
             The game lasted 00:09:58 (4116 turns).

Ijustatesigmund the Slasher (Human Gladiator)       Turns: 4116, Time: 00:09:58

Health: 0/55       AC:  1    Str: 15    XL:     8   Next: 7%
Magic:  8/8        EV:  8    Int: 10    God:
Gold:   250        SH:  0    Dex: 15    Spells: 7/7 levels left

rFire    + + .     SeeInvis .   a - +1 long sword
rCold    . . .     Gourm    .   (no shield)
rNeg     . . .     Faith    .   b - +0 chain mail
rPois    +         Spirit   .   m - +0 helmet
rElec    +         Reflect  .   (no cloak)
rCorr    +         Harm     .   o - +0 pair of gloves
MR       +....                  r - +1 pair of boots
Stlth    ..........             v - amulet of regeneration
HPRegen  0.98/turn              l - ring of fire (curse)
MPRegen  0.11/turn              (no ring)

@: confused, resistant, corroded
A: talons 1, frail 1, magic resistance 1, regeneration 1, wild magic 1
a: no special abilities


You were on level 5 of the Dungeon.
You were not hungry.

You visited 1 branch of the dungeon, and saw 5 of its levels.

You collected 250 gold pieces.

Inventory:

Hand Weapons
 a - a +1 long sword (weapon)
Missiles
 d - a throwing net (quivered)
Armour
 b - a +0 chain mail (worn)
 m - a +0 helmet (worn)
 o - a +0 pair of gloves (worn)
 r - a +1 pair of boots (worn)
 s - the +0 leather armour of Pragmatism {rCorr Int-2 Stlth+}
   (You found it on level 4 of the Dungeon)

   It affects your intelligence (-2).
   It provides partial protection from all sources of acid and corrosion.
   It makes you more stealthy.
   If you switch to wearing this armour, your AC will fall 5 points (1 -> -4)
Jewellery
 l - a cursed ring of fire (left hand)
 v - an amulet of regeneration (around neck)
Scrolls
 g - 2 scrolls of remove curse
 k - a scroll of immolation
 q - a scroll of amnesia
Potions
 c - a potion of curing
 h - a potion of resistance
 i - a potion of magic {unknown}
 j - a potion of ambrosia
 n - a potion of invisibility {unknown}
 p - a potion of lignification {unknown}
 t - a potion of brilliance {unknown}
 w - a potion of mutation
Comestibles
 f - 7 rations


   Skills:
 + Level 5.1 Fighting
 + Level 5.6 Long Blades
 - Level 2.0 Throwing
 + Level 3.1 Armour
 + Level 4.6 Dodging


You had 7 spell levels left.
You didn't know any spells.
Your spell library was empty.

Dungeon Overview and Level Annotations

Branches:
Dungeon (5/15)
 Temple: D:4-7

Altars:
Cheibriados
Qazlal
Vehumet

Annotations:
D:4 exclusion: statue
D:5 Pikel


Innate Abilities, Weirdness & Mutations

You have sharp toenails.
You are frail. (-10% HP)
You are resistant to hostile enchantments. (MR+)
Your natural rate of healing is unusually fast.
Your spells are a little harder to cast, but a little more powerful.


Message History

You closely miss Pikel.
Pikel is moderately wounded.
Pikel zaps a wand.
The bolt of acid hits you! You resist.
* * * LOW HITPOINT WARNING * * *
The acid corrodes you!
You are splashed with acid.
You resist.
* * * LOW HITPOINT WARNING * * *
The now-empty wand crumbles to dust.
Okay, then.
Okay, then.
Pikel waves his whip at you.
Pikel sighs. "I should capture elves; my bodyguards all look the same!"
It was a potion of ambrosia.
You are confused.
You feel invigorated.
Pikel hits you with a +2 whip of flaming!
* * * LOW HITPOINT WARNING * * *
Pikel burns you.
* * * LOW HITPOINT WARNING * * *
Pikel hits you with a +2 whip of flaming!
You die...

###############
#..#........@....#
+......<...K.....#
#......#.........#
#..##..#.........#
# #..#.........#
+..#.........#
#..#.........#
#..###+##....# #..
....#


You could see Pikel.

Vanquished Creatures
  Grinder (D:4)
  3 slaves (D:4)
  An ogre (D:4)
  A bullfrog skeleton (D:4)
  A centaur skeleton (D:4)
  2 orc priests
  Jessica (D:2)
  Natasha (twice) (D:2)
  Terence (D:2)
  4 worker ants
  4 adders
  A river rat (D:3)
  4 worms
  A dart slug (D:1)
  6 leopard geckos
  8 orcs
  10 bats
  3 giant cockroaches
  6 goblins
  11 hobgoblins
  3 jackals (D:2)
  2 quokkas
  2 ball pythons
  4 frilled lizards
  11 kobolds
  11 rats
104 creatures vanquished.

Notes
Turn   | Place    | Note
-------+----------+-------------------------------------------
     0 | D:1      | Ijustatesigmund the Human Gladiator began the quest for the
                  | Orb.
     0 | D:1      | Reached XP level 1. HP: 16/16 MP: 1/1
    68 | D:1      | Found a snail-covered altar of Cheibriados.
   298 | D:1      | Reached XP level 2. HP: 16/22 MP: 2/2
   873 | D:1      | Reached XP level 3. HP: 27/28 MP: 3/3
  1513 | D:2      | Reached XP level 4. HP: 27/35 MP: 4/4
  1609 | D:2      | Gained mutation: Armour fits poorly on your strangely
                  | shaped body. [potion of mutation]
  1609 | D:2      | Gained mutation: You are frail. (-10% HP) [potion of
                  | mutation]
  1609 | D:2      | Gained mutation: You are resistant to hostile enchantments.
                  | (MR+) [potion of mutation]
  1697 | D:2      | Noticed Jessica
  1709 | D:2      | Killed Jessica
  1744 | D:2      | Noticed Terence
  1751 | D:2      | Killed Terence
  1751 | D:2      | Reached XP level 5. HP: 32/37 MP: 5/5
  1754 | D:2      | Lost mutation: You are frail. (-10% HP) [potion of
                  | mutation]
  1754 | D:2      | Lost mutation: Armour fits poorly on your strangely shaped
                  | body. [potion of mutation]
  1754 | D:2      | Gained mutation: You are frail. (-10% HP) [potion of
                  | mutation]
  1754 | D:2      | Gained mutation: Your natural rate of healing is unusually
                  | fast. [potion of mutation]
  1754 | D:2      | Gained mutation: Your spells are a little harder to cast,
                  | but a little more powerful. [potion of mutation]
  1754 | D:2      | Gained mutation: You have sharp toenails. [potion of
                  | mutation]
  1810 | D:2      | Found a stormy altar of Qazlal.
  1977 | D:2      | Noticed Natasha
  1987 | D:2      | Killed Natasha
  2073 | D:2      | Noticed Natasha
  2091 | D:2      | Killed Natasha
  2414 | D:3      | Reached skill level 1 in Armour
  2414 | D:3      | Reached XP level 6. HP: 43/43 MP: 6/6
  3223 | D:4      | Noticed Grinder
  3241 | D:4      | Paralysed by Grinder for 5 turns
  3263 | D:4      | Killed Grinder
  3263 | D:4      | Reached skill level 5 in Long Blades
  3263 | D:4      | Reached XP level 7. HP: 14/49 MP: 7/7
  3469 | D:4      | Noticed Pikel
  3479 | D:5      | Entered Level 5 of the Dungeon
  3631 | D:4      | Got a crude leather armour
  3642 | D:4      | Identified the +0 leather armour of Pragmatism {rCorr Int-2
                  | Stlth+} (You found it on level 4 of the Dungeon)
  3692 | D:4      | You fall into a shaft and drop 1 floor!
  3762 | D:4      | Found a radiant altar of Vehumet.
  3782 | D:4      | Reached skill level 5 in Fighting
  3795 | D:4      | Reached XP level 8. HP: 35/55 MP: 8/8
  4115 | D:5      | HP: 2/55 [Pikel/+2 whip of flaming (1)]
  4116 | D:5      | Slain by Pikel

Levels and vault maps discovered:
D:1:      ncdulo_lavacross, layout_loops_ring, minmay_hexomino_r4
D:2:      layout_loops_cross, minmay_misc_feat_five, minmay_misc_feat_rows,
          grunt_qazlal_sundering, uniq_terence, uniq_natasha, uniq_jessica
D:3:      layout_loops_ring, gup_sewer_entry_spiral
D:4:      layout_loops_ring, vehumet_statue, minmay_starry_boxes, uniq_grinder,
          uniq_pikel
D:5:      layout_gridville, first_ration, nicolae_elemental_shop

Skill      XL: |  1  2  3  4  5  6  7 |
---------------+----------------------+-----
Fighting       | 3 4 5 |  5.1
Long Blades    | 4 5 |  5.6
Armour         | 1 2 3 |  3.1
Dodging        | 4 |  4.6
Throwing       | |  2.0

Action                   |  1- 3 |  4- 6 |  7- 9 || total
-------------------------+-------+-------+-------++-------
Melee: Long sword        |   103 |   164 |   122 ||   389
       Kick              |       |    43 |    16 ||    59
Throw: Throwing net      |       |     6 |       ||     6
  Use: Potion            |     1 |     2 |     3 ||     6
       Scroll            |       |     8 |     2 ||    10
 Stab: Held in net/web   |       |     1 |       ||     1
  Eat: Chunk             |     2 |     5 |       ||     7
       Ration            |       |       |     2 ||     2
Armor: Leather armour    |    33 |     2 |       ||    35
       Chain mail        |       |    59 |    60 ||   119
Dodge: Dodged            |    93 |    61 |    44 ||   198
       Rpst.: Long sword |    30 |    22 |    10 ||    62

Table legend:
 A = Non-vault XP
 B = Vault XP
 C = Vault XP percentage of total XP
 D = Non-vault monster count
 E = Vault monster count
 F = Vault count percentage of total count
                 A         B        C        D         E       F
            +---------+---------+-------+---------+---------+-------
      Total |     613 |     473 |  43.6 |      85 |      16 |  15.8
            +---------+---------+-------+---------+---------+-------
        D:1 |      49 |       4 |   7.5 |      31 |       2 |   6.1
        D:2 |      86 |     109 |  55.9 |      20 |       3 |  13.0
        D:3 |      97 |      29 |  23.0 |      22 |       7 |  24.1
        D:4 |     368 |     299 |  44.8 |      11 |       3 |  21.4
        D:5 |      13 |      32 |  71.1 |       1 |       1 |  50.0
            +---------+---------+-------+---------+---------+-------
